[Event "FIDE WYCC Open U14 2023"]
[Site "Montesilvano"]
[Date "2023.11.13"]
[Round "1.21"]
[White "Yang, Sylvia Siyuan"]
[Black "Balint, Peter"]
[Result "1-0"]
[ECO "A05"]
[WhiteElo "1973"]
[BlackElo "2256"]
[Annotator "ChessBase"]
[PlyCount "101"]
[EventDate "2023.11.13"]
[EventType "swiss"]
[EventCountry "ITA"]
[SourceTitle "playchess.com"]
[Source "ChessBase"]
[SourceQuality "1"]
[TimeControl "40/5400+30:1800+30"]

1. Nf3 Nf6 2. g3 c5 3. Bg2 g6 4. O-O Bg7 5. c4 O-O 6. Nc3 Nc6 7. e3 e5 8. d4 cxd4 9. exd4 d6 10. h3 Re8 11. Be3 exd4 12. Nxd4 Ne5 13. b3 a6 14. Rc1 Rb8 15. Qd2 Be6 16. Rfd1 Qd7 17. Nxe6 Rxe6 18. Nd5 h5 19. Ba7 Rf8 20. Bb6 Rc8 21. Ba5 Nxd5 22. cxd5 Ree8 23. f4 Rxc1 24. Rxc1 Bh6 25. Rc7 Qf5 26. Qe2 Qd3 27. Qf1 Qe3+ 28. Kh2 h4 29. fxe5 Qxg3+ 30. Kh1 Bf4 31. Qg1 Bxe5 32. Be1 Qd3 33. Qf1 Qxf1+ 34. Bxf1 Bf6 35. Bf2 Re5 36. Rxb7 Rxd5 37. Bxa6 Rd1+ 38. Kg2 Rd2 39. Kf3 d5 40. a4 Ra2 41. Bb5 Rc2 42. Be8 Rc3+ 43. Kg4 d4 44. Bxf7+ Kg7 45. Bc4+ Kh6 46. Rf7 Be5 47. Re7 Bf6 48. Re6 Bg7 49. Bxh4 d3 50. Bg5+ Kh7 51. Rd6 1-0

[Event "FIDE WYCC Open U14 2023"]
[Site "Montesilvano"]
[Date "2023.11.13"]
[Round "1.22"]
[White "Dinh Nho Kiet"]
[Black "Kabylbek, Yedil"]
[Result "0-1"]
[ECO "D35"]
[WhiteElo "2253"]
[BlackElo "1710"]
[Annotator "ChessBase"]
[PlyCount "124"]
[EventDate "2023.11.13"]
[EventType "swiss"]
[EventCountry "ITA"]
[SourceTitle "playchess.com"]
[Source "ChessBase"]
[SourceQuality "1"]
[TimeControl "40/5400+30:1800+30"]

1. d4 Nf6 2. c4 e6 3. Nc3 d5 4. cxd5 exd5 5. Bg5 Bb4 6. e3 h6 7. Bh4 g5 8. Bg3 Ne4 9. Nge2 h5 10. f3 Nxg3 11. hxg3 Qe7 12. Kf2 c6 13. a3 Bd6 14. e4 Be6 15. e5 Bc7 16. f4 Nd7 17. Qd3 Bg4 18. Qe3 O-O-O 19. Rc1 f6 20. Ke1 Nb6 21. Ng1 h4 22. gxh4 gxf4 23. Qxf4 Qe6 24. Qxf6 Qxf6 25. exf6 Bg3+ 26. Kd2 Bf4+ 27. Kc2 Bxc1 28. Kxc1 Rdf8 29. Nf3 Bxf3 30. gxf3 Rxf6 31. Bh3+ Kc7 32. Bg4 Nc4 33. h5 Ne3 34. Ne2 Nxg4 35. fxg4 Rf2 36. Kd1 Rg2 37. Rh4 Rg8 38. h6 R8xg4 39. Rh5 Rg8 40. Nf4 R2g4 41. Rf5 Rg1+ 42. Kc2 Rh1 43. Rf7+ Kd6 44. Rxb7 Rxh6 45. Nd3 Rh4 46. Rxa7 Rxd4 47. Nb4 Rg2+ 48. Kc3 Rf4 49. Kb3 Rf3+ 50. Ka2 c5 51. Ra6+ Ke5 52. Nc6+ Ke4 53. Ra8 d4 54. Re8+ Kd5 55. Na5 Rc2 56. Kb1 Rff2 57. Rb8 c4 58. Rb5+ Ke4 59. Rb4 Kd3 60. Nc6 Rfe2 61. Rb7 Re1+ 62. Ka2 Rcc1 0-1

[Event "FIDE WYCC Open U14 2023"]
[Site "Montesilvano"]
[Date "2023.11.13"]
[Round "1.23"]
[White "Fulgentini, Edoardo"]
[Black "Akhmedov, David"]
[Result "0-1"]
[ECO "B53"]
[WhiteElo "1705"]
[BlackElo "2240"]
[Annotator "ChessBase"]
[PlyCount "62"]
[EventDate "2023.11.13"]
[EventType "swiss"]
[EventCountry "ITA"]
[SourceTitle "playchess.com"]
[Source "ChessBase"]
[SourceQuality "1"]
[TimeControl "40/5400+30:1800+30"]

1. e4 c5 2. Nf3 d6 3. d4 cxd4 4. Qxd4 Nc6 5. Bb5 a6 6. Bxc6+ bxc6 7. c4 e5 8. Qd3 Ne7 9. Nc3 Ng6 10. Be3 Be6 11. Ng5 Bd7 12. c5 Nh4 13. O-O-O Nxg2 14. cxd6 Nh4 15. f4 h6 16. Nxf7 Kxf7 17. fxe5 Qe8 18. Bb6 Qxe5 19. Qc4+ Kg6 20. Rhf1 Kh7 21. Qf7 Be6 22. Qc7 Rc8 23. d7 Rxc7 24. Bxc7 Qg5+ 25. Bf4 Qd8 26. Bc7 Qxd7 27. Rxd7 Bxd7 28. Bg3 Ng6 29. Rf7 Be7 30. Be5 Nxe5 31. Rxe7 Re8 0-1

[Event "FIDE WYCC Open U14 2023"]
[Site "Montesilvano"]
[Date "2023.11.13"]
[Round "1.24"]
[White "Ljepic, Andrej"]
[Black "Kao, Jamison Edrich"]
[Result "1-0"]
[ECO "B30"]
[WhiteElo "2236"]
[BlackElo "1701"]
[Annotator "ChessBase"]
[PlyCount "147"]
[EventDate "2023.11.13"]
[EventType "swiss"]
[EventCountry "ITA"]
[SourceTitle "playchess.com"]
[Source "ChessBase"]
[SourceQuality "1"]
[TimeControl "40/5400+30:1800+30"]

1. e4 c5 2. Nf3 Nc6 3. c3 Nf6 4. e5 Nd5 5. Bc4 Nb6 6. Bb3 c4 7. Bc2 Qc7 8. Qe2 g5 9. Na3 g4 10. Nb5 Qb8 11. Nh4 a6 12. Nd6+ exd6 13. exd6+ Kd8 14. Qe3 Bxd6 15. Qxb6+ Qc7 16. Qxc7+ Kxc7 17. d4 cxd3 18. Bxd3 Re8+ 19. Be3 Bc5 20. Kd2 Bxe3+ 21. fxe3 d6 22. Rhf1 Ne5 23. Be2 Be6 24. b3 Rg8 25. Rf6 Ng6 26. Nf5 Bxf5 27. Rxf5 Ne5 28. c4 b6 29. Rh5 Rg7 30. Rf1 Rh8 31. b4 h6 32. Rhf5 Kc6 33. a4 Rg5 34. Rf6 Rg6 35. R6f4 Ra8 36. Bd3 Nxd3 37. Kxd3 Re8 38. Rxf7 Rge6 39. Re1 d5 40. cxd5+ Kxd5 41. Rd7+ Kc6 42. Rd4 Rg6 43. Rc1+ Kb7 44. g3 Rge6 45. e4 Rf6 46. Re1 Rf2 47. Re2 Rf3+ 48. Re3 Rf2 49. e5 Rxh2 50. Rxg4 Rb2 51. Rg7+ Kc6 52. Rg6+ Kc7 53. Kc3 Rh2 54. Rg7+ Kc6 55. Kd4 Rc2 56. Rg6+ Kc7 57. e6 Rb2 58. Ke5 Rxb4 59. Rg7+ Kb8 60. Kf6 Rc4 61. Kf7 Rcc8 62. e7 Ka7 63. Rg6 b5 64. axb5 axb5 65. Ra3+ Kb7 66. Rb3 Rh8 67. Rxb5+ Ka7 68. Re5 Rce8 69. Rxh6 Rhg8 70. Rg5 Rxg5 71. Kxe8 Rxg3 72. Kf7 Rc3 73. e8=Q Rc7+ 74. Kg6 1-0

[Event "FIDE WYCC Open U14 2023"]
[Site "Montesilvano"]
[Date "2023.11.13"]
[Round "1.25"]
[White "Glas, Bruno"]
[Black "Nurgaliyev, Sauat"]
[Result "0-1"]
[ECO "B90"]
[WhiteElo "1689"]
[BlackElo "2235"]
[Annotator "ChessBase"]
[PlyCount "102"]
[EventDate "2023.11.13"]
[EventType "swiss"]
[EventCountry "ITA"]
[SourceTitle "playchess.com"]
[Source "ChessBase"]
[SourceQuality "1"]
[TimeControl "40/5400+30:1800+30"]

1. e4 c5 2. Nf3 d6 3. d4 cxd4 4. Nxd4 Nf6 5. Nc3 a6 6. Bc4 e6 7. O-O Nbd7 8. a3 Nc5 9. Re1 b5 10. Ba2 Bb7 11. f3 Rc8 12. Be3 Be7 13. Qd2 Qc7 14. Rad1 O-O 15. Qf2 Rfd8 16. Qg3 g6 17. Kh1 d5 18. Bf4 Qb6 19. e5 Nh5 20. Qg4 Nxf4 21. Qxf4 b4 22. Nce2 bxa3 23. bxa3 Qa5 24. Ng3 Na4 25. Nb3 Qb5 26. Nd4 Qd7 27. Bb3 Nc3 28. Rd3 a5 29. Ree3 Nb5 30. Ba4 Ba6 31. Rb3 Rc4 32. Bxb5 Bxb5 33. Nge2 Ba4 34. Rb2 Qa7 35. Rd3 Rb8 36. Rxb8+ Qxb8 37. Qd2 Qxe5 38. g3 Qc7 39. Nc3 Bf6 40. Nxa4 Rxa4 41. Nb5 Qc5 42. Rb3 Rc4 43. c3 a4 44. Rb1 Kg7 45. Qe1 e5 46. g4 d4 47. cxd4 exd4 48. h4 Qd5 49. g5 Qxf3+ 50. Kg1 Rc2 51. gxf6+ Kh6 0-1

[Event "FIDE WYCC Open U14 2023"]
[Site "Montesilvano"]
[Date "2023.11.13"]
[Round "1.26"]
[White "Brattgjerd, Isak Vinh"]
[Black "Silva Arellano, Miguel Arturo"]
[Result "1-0"]
[ECO "C88"]
[WhiteElo "2235"]
[BlackElo "1684"]
[Annotator "ChessBase"]
[PlyCount "77"]
[EventDate "2023.11.13"]
[EventType "swiss"]
[EventCountry "ITA"]
[SourceTitle "playchess.com"]
[Source "ChessBase"]
[SourceQuality "1"]
[TimeControl "40/5400+30:1800+30"]

1. e4 e5 2. Nf3 Nc6 3. Bb5 a6 4. Ba4 Nf6 5. O-O Be7 6. Re1 b5 7. Bb3 O-O 8. a4 Bb7 9. d3 d6 10. c3 Na5 11. Bc2 c5 12. Nbd2 Re8 13. Nf1 Bf8 14. Ng3 g6 15. d4 Qb6 16. d5 b4 17. cxb4 cxb4 18. Be3 Qd8 19. Nd2 Rc8 20. Bd3 Nd7 21. Qe2 Ra8 22. Rec1 Nc5 23. Bxc5 dxc5 24. Ngf1 Qe7 25. Ne3 Bh6 26. Rc2 Bxe3 27. Qxe3 Rac8 28. Rac1 f5 29. exf5 Bxd5 30. Rxc5 Rc6 31. Nf1 Rec8 32. Rxa5 Rxc1 33. Rxd5 R8c5 34. f6 Qc7 35. Rxc5 Qxc5 36. Qh6 Kf7 37. Qg7+ Ke6 38. f7 e4 39. f8=Q 1-0

[Event "FIDE WYCC Open U14 2023"]
[Site "Montesilvano"]
[Date "2023.11.13"]
[Round "1.27"]
[White "Heino, Pessi"]
[Black "Mamedov, Edgar"]
[Result "0-1"]
[ECO "D45"]
[WhiteElo "1683"]
[BlackElo "2234"]
[Annotator "ChessBase"]
[PlyCount "104"]
[EventDate "2023.11.13"]
[EventType "swiss"]
[EventCountry "ITA"]
[SourceTitle "playchess.com"]
[Source "ChessBase"]
[SourceQuality "1"]
[TimeControl "40/5400+30:1800+30"]

1. Nf3 d5 2. d4 Nf6 3. c4 e6 4. Nc3 c6 5. e3 Nbd7 6. b3 Bb4 7. Bb2 Ne4 8. Qc2 Qa5 9. Rc1 Qxa2 10. Bd3 Bxc3+ 11. Bxc3 Qxc2 12. Rxc2 Nxc3 13. Rxc3 Ke7 14. Kd2 dxc4 15. bxc4 b6 16. e4 Bb7 17. Re1 f6 18. g4 e5 19. d5 g5 20. Ng1 h5 21. h3 hxg4 22. hxg4 Nc5 23. Ne2 cxd5 24. exd5 Bc8 25. f3 Rh3 26. Bc2 Kd6 27. Bg6 Bd7 28. Ra3 Bxg4 29. Rf1 Bd7 30. Nc3 Rh2+ 31. Kc1 f5 32. Bf7 Rh7 33. Be6 Nxe6 34. dxe6 Bxe6 35. Rd1+ Kc5 36. Nd5 Rd8 37. Re3 Bxd5 38. Rxe5 Kxc4 39. Rxf5 Rhd7 40. Rxg5 Bxf3 41. Rxd7 Rxd7 42. Rg3 Be4 43. Kb2 b5 44. Rc3+ Kd4 45. Rc1 a5 46. Rd1+ Bd3 47. Rh1 Re7 48. Rh2 Re2+ 49. Rxe2 Bxe2 50. Ka1 Kc3 51. Kb1 b4 52. Ka1 b3 0-1

[Event "FIDE WYCC Open U14 2023"]
[Site "Montesilvano"]
[Date "2023.11.13"]
[Round "1.28"]
[White "Gkavardinas, Antonios"]
[Black "Mazzi, Leonardo"]
[Result "1-0"]
[ECO "B90"]
[WhiteElo "2230"]
[BlackElo "1671"]
[Annotator "ChessBase"]
[PlyCount "71"]
[EventDate "2023.11.13"]
[EventType "swiss"]
[EventCountry "ITA"]
[SourceTitle "playchess.com"]
[Source "ChessBase"]
[SourceQuality "1"]
[TimeControl "40/5400+30:1800+30"]

1. e4 c5 2. Nf3 d6 3. d4 cxd4 4. Nxd4 Nf6 5. Nc3 a6 6. Be3 e5 7. Nb3 Be7 8. f3 Be6 9. Qd2 h5 10. Nd5 Bxd5 11. exd5 Nbd7 12. O-O-O Qc7 13. c4 a5 14. Kb1 a4 15. Na1 O-O 16. Nc2 Rfe8 17. Na3 e4 18. h3 exf3 19. gxf3 Ne5 20. f4 Ned7 21. Bd3 Bf8 22. Bd4 Ne4 23. Qg2 Ndc5 24. f5 Nxd3 25. Rxd3 h4 26. Qg4 Ng3 27. Rxg3 hxg3 28. Bxg7 f6 29. Bxf6+ Bg7 30. Bc3 Kf8 31. f6 Bh6 32. Qg6 Bf4 33. Rf1 Be3 34. f7 Rec8 35. Bg7+ Ke7 36. Qe6+ 1-0

[Event "FIDE WYCC Open U14 2023"]
[Site "Montesilvano"]
[Date "2023.11.13"]
[Round "1.29"]
[White "Mezni, Elyes"]
[Black "Rustamov, Rustam"]
[Result "0-1"]
[ECO "B50"]
[WhiteElo "1669"]
[BlackElo "2229"]
[Annotator "ChessBase"]
[PlyCount "116"]
[EventDate "2023.11.13"]
[EventType "swiss"]
[EventCountry "ITA"]
[SourceTitle "playchess.com"]
[Source "ChessBase"]
[SourceQuality "1"]
[TimeControl "40/5400+30:1800+30"]

1. e4 c5 2. Nf3 d6 3. d4 Nf6 4. Nc3 cxd4 5. Qxd4 Nc6 6. Bb5 Bd7 7. Bxc6 Bxc6 8. Bg5 e6 9. O-O-O Be7 10. Rhe1 O-O 11. Kb1 Qa5 12. Qd2 Qc7 13. Nd4 Rfd8 14. f3 a6 15. g4 b5 16. Bxf6 Bxf6 17. g5 Be7 18. Qe3 Rac8 19. Rd2 b4 20. Nce2 Bd7 21. f4 Qc5 22. Qf3 a5 23. h4 Bf8 24. Ng3 b3 25. Nxb3 Qb4 26. c3 Qb7 27. Nxa5 Qa6 28. Nb3 Ra8 29. Nc1 Bc6 30. f5 d5 31. fxe6 fxe6 32. Qg4 dxe4 33. Rxd8 Rxd8 34. Qxe6+ Kh8 35. Nxe4 Re8 36. Qf5 Qa8 37. Nf6 gxf6 38. Rxe8 Qxe8 39. Qxf6+ Bg7 40. Qf2 Be4+ 41. Ka1 Bg6 42. Ne2 Qe4 43. Qf1 Qxh4 44. Qg1 Qc4 45. Qd1 Kg8 46. Qb3 Qxb3 47. axb3 Bf8 48. Nf4 Be4 49. b4 Be7 50. b3 Bxg5 51. Ne2 Bf3 52. Ng1 Bg4 53. c4 Be3 54. c5 Bxg1 55. c6 Bb6 56. Kb1 h5 57. Kc2 h4 58. Kd2 h3 0-1

[Event "FIDE WYCC Open U14 2023"]
[Site "Montesilvano"]
[Date "2023.11.13"]
[Round "1.30"]
[White "Haug, Havard"]
[Black "Chanturia, Giorgi"]
[Result "1-0"]
[ECO "B22"]
[WhiteElo "2223"]
[BlackElo "1668"]
[Annotator "ChessBase"]
[PlyCount "61"]
[EventDate "2023.11.13"]
[EventType "swiss"]
[EventCountry "ITA"]
[SourceTitle "playchess.com"]
[Source "ChessBase"]
[SourceQuality "1"]
[TimeControl "40/5400+30:1800+30"]

1. e4 c5 2. c3 g6 3. d4 cxd4 4. cxd4 d5 5. e5 Nc6 6. h3 Bg7 7. Nf3 Nh6 8. Bb5 O-O 9. O-O f6 10. Nc3 fxe5 11. Bxc6 bxc6 12. Bxh6 Bxh6 13. Nxe5 Qd6 14. Na4 Bf5 15. Nc5 Rab8 16. Qe2 Rb4 17. Rad1 Rfb8 18. b3 Rxd4 19. Rxd4 Qxc5 20. Rdd1 Rb4 21. Nd3 Qb5 22. Qxe7 Bf8 23. Qe3 Re4 24. Qxa7 Re7 25. Qd4 Bg7 26. Qb4 Qxb4 27. Nxb4 Bd7 28. Rfe1 Rf7 29. Rc1 Bd4 30. Re2 Rf6 31. Rec2 1-0

[Event "FIDE WYCC Open U14 2023"]
[Site "Montesilvano"]
[Date "2023.11.13"]
[Round "1.31"]
[White "Kjartansson, Matthias Bjorgvin"]
[Black "Ermitsch, Magnus"]
[Result "0-1"]
[ECO "E32"]
[WhiteElo "1651"]
[BlackElo "2206"]
[Annotator "ChessBase"]
[PlyCount "68"]
[EventDate "2023.11.13"]
[EventType "swiss"]
[EventCountry "ITA"]
[SourceTitle "playchess.com"]
[Source "ChessBase"]
[SourceQuality "1"]
[TimeControl "40/5400+30:1800+30"]

1. d4 Nf6 2. c4 e6 3. Nc3 Bb4 4. Qc2 O-O 5. Nf3 d5 6. Bg5 c5 7. cxd5 cxd4 8. Nxd4 exd5 9. e3 h6 10. Bh4 Nc6 11. Nxc6 bxc6 12. Be2 Be6 13. O-O Rc8 14. Rfd1 Qe7 15. Ba6 Rc7 16. Ne2 Bd6 17. Bg3 Bxg3 18. Nxg3 c5 19. Be2 Rd8 20. Rac1 g6 21. b3 h5 22. h3 h4 23. Nf1 Bf5 24. Bd3 Be6 25. Nd2 c4 26. Be2 Bf5 27. Qb2 c3 28. Rxc3 Rxc3 29. Qxc3 d4 30. Qc6 dxe3 31. Nf3 exf2+ 32. Kxf2 Rc8 33. Qb5 Ne4+ 34. Kg1 Nc3 0-1

[Event "FIDE WYCC Open U14 2023"]
[Site "Montesilvano"]
[Date "2023.11.13"]
[Round "1.32"]
[White "Dhruva Thota"]
[Black "Riera Fregoso, Ferran"]
[Result "1-0"]
[ECO "C95"]
[WhiteElo "2192"]
[BlackElo "1647"]
[Annotator "ChessBase"]
[PlyCount "53"]
[EventDate "2023.11.13"]
[EventType "swiss"]
[EventCountry "ITA"]
[SourceTitle "playchess.com"]
[Source "ChessBase"]
[SourceQuality "1"]
[TimeControl "40/5400+30:1800+30"]

1. e4 e5 2. Nf3 Nc6 3. Bb5 a6 4. Ba4 Be7 5. O-O Nf6 6. Re1 b5 7. Bb3 d6 8. c3 O-O 9. h3 Nb8 10. d4 Nbd7 11. Nbd2 c5 12. Nf1 Re8 13. Ng3 g6 14. Bh6 Bf8 15. Bxf8 Kxf8 16. Qd2 c4 17. Bc2 Ng8 18. Rad1 Qe7 19. b3 Nb6 20. Nh2 Be6 21. f4 f6 22. fxe5 fxe5 23. dxe5 dxe5 24. Qf2+ Kg7 25. Qxb6 Qh4 26. Qf2 Rf8 27. Nf5+ 1-0

[Event "FIDE WYCC Open U14 2023"]
[Site "Montesilvano"]
[Date "2023.11.13"]
[Round "1.33"]
[White "Sergooris, Danail Jurgen"]
[Black "Katsanis, Vasileios Dim"]
[Result "0-1"]
[ECO "B12"]
[WhiteElo "1645"]
[BlackElo "2173"]
[Annotator "ChessBase"]
[PlyCount "102"]
[EventDate "2023.11.13"]
[EventType "swiss"]
[EventCountry "ITA"]
[SourceTitle "playchess.com"]
[Source "ChessBase"]
[SourceQuality "1"]
[TimeControl "40/5400+30:1800+30"]

1. e4 c6 2. d4 d5 3. e5 Bf5 4. h4 h5 5. Bd3 Bxd3 6. Qxd3 Qa5+ 7. Nd2 e6 8. Ngf3 Qa6 9. c4 c5 10. dxc5 Bxc5 11. b3 Nc6 12. O-O Nge7 13. Bb2 Nf5 14. a3 O-O 15. b4 dxc4 16. Qxc4 Qxc4 17. Nxc4 Bb6 18. Rfd1 Rfd8 19. Rac1 Bc7 20. g3 Rac8 21. Kg2 Rxd1 22. Rxd1 b5 23. Ncd2 Bb6 24. Ne4 Kf8 25. Neg5 Nce7 26. Rd2 Nd5 27. Ne4 Rc4 28. Nd6 Nxd6 29. exd6 Rc6 30. Nd4 Rxd6 31. Rc2 a6 32. Nc6 f6 33. Nd4 Kf7 34. Nb3 Ne7 35. Rd2 Rxd2 36. Nxd2 e5 37. Kf3 Ke6 38. Ke2 Kd5 39. f3 Nf5 40. Ne4 Nd6 41. Nxd6 Kxd6 42. g4 g6 43. gxh5 gxh5 44. f4 Kd5 45. fxe5 fxe5 46. Bc1 Bd8 47. Kd3 Bxh4 48. Be3 e4+ 49. Kc3 Be1+ 50. Kb3 h4 51. Bg1 Bg3 0-1

[Event "FIDE WYCC Open U14 2023"]
[Site "Montesilvano"]
[Date "2023.11.13"]
[Round "1.34"]
[White "Sodbilegt, Naranbold"]
[Black "Mihaila, Radu Stefan"]
[Result "1-0"]
[ECO "B24"]
[WhiteElo "2151"]
[BlackElo "1640"]
[Annotator "ChessBase"]
[PlyCount "81"]
[EventDate "2023.11.13"]
[EventType "swiss"]
[EventCountry "ITA"]
[SourceTitle "playchess.com"]
[Source "ChessBase"]
[SourceQuality "1"]
[TimeControl "40/5400+30:1800+30"]

1. e4 c5 2. Nc3 Nc6 3. Bb5 g6 4. Bxc6 dxc6 5. f4 Bg7 6. Nf3 Nf6 7. d3 e6 8. O-O O-O 9. Be3 Qe7 10. h3 Rd8 11. Qe1 b6 12. Qh4 Ba6 13. f5 exf5 14. e5 Nd5 15. Bg5 Qe8 16. Bxd8 Rxd8 17. Nxd5 cxd5 18. Rae1 d4 19. e6 f6 20. e7 Rd7 21. Qf4 Bb7 22. c3 dxc3 23. bxc3 Bxf3 24. Qxf3 Rxe7 25. Kf2 Bh6 26. Rxe7 Qxe7 27. Re1 Qd7 28. Qa8+ Kf7 29. Re2 Bf8 30. Qf3 Bh6 31. c4 f4 32. Qd5+ Qxd5 33. cxd5 Bf8 34. Re6 g5 35. Rc6 f5 36. Rc7+ Kf6 37. Rxa7 Ke5 38. Rxh7 Kxd5 39. Rf7 Bh6 40. Rf6 Bg7 41. Rxf5+ 1-0

[Event "FIDE WYCC Open U14 2023"]
[Site "Montesilvano"]
[Date "2023.11.13"]
[Round "1.35"]
[White "Hasanli, Ziya"]
[Black "Myagmarsuren, Evsuld"]
[Result "0-1"]
[ECO "D45"]
[WhiteElo "1636"]
[BlackElo "2150"]
[Annotator "ChessBase"]
[PlyCount "60"]
[EventDate "2023.11.13"]
[EventType "swiss"]
[EventCountry "ITA"]
[SourceTitle "playchess.com"]
[Source "ChessBase"]
[SourceQuality "1"]
[TimeControl "40/5400+30:1800+30"]

1. d4 d5 2. c4 c6 3. Nf3 Nf6 4. Nc3 e6 5. e3 Nbd7 6. cxd5 exd5 7. Bd3 Bd6 8. O-O O-O 9. Qc2 Re8 10. e4 dxe4 11. Nxe4 Nxe4 12. Bxe4 Nf6 13. Bg5 h6 14. Bxf6 Qxf6 15. Rfe1 Bg4 16. Qb3 Qf4 17. g3 Qf6 18. Nh4 Qxd4 19. Bf5 Bh5 20. Ng2 Bc5 21. Ne3 Qf6 22. g4 Bg6 23. Bxg6 Qxg6 24. h3 h5 25. Qc2 Rxe3 26. Qxc5 Rxh3 27. g5 Rh4 28. f3 Rf4 29. Kf2 Rf5 30. Qe3 Rxg5 0-1

[Event "FIDE WYCC Open U14 2023"]
[Site "Montesilvano"]
[Date "2023.11.14"]
[Round "2.1"]
[White "Villa Tornero, Alex"]
[Black "Ji, Jiahao Eric"]
[Result "0-1"]
[ECO "B90"]
[WhiteElo "2383"]
[BlackElo "2045"]
[Annotator "ChessBase"]
[PlyCount "110"]
[EventDate "2023.11.13"]
[EventType "swiss"]
[EventCountry "ITA"]
[SourceTitle "playchess.com"]
[Source "ChessBase"]
[SourceQuality "1"]
[TimeControl "40/5400+30:1800+30"]

1. e4 c5 2. Nf3 d6 3. d4 cxd4 4. Nxd4 Nf6 5. Nc3 a6 6. f3 e5 7. Nb3 Be7 8. Be3 Be6 9. Qd2 h5 10. Nd5 Nxd5 11. exd5 Bf5 12. Na5 b6 13. Nc4 Nd7 14. Bd3 Bxd3 15. Qxd3 Rc8 16. Nd2 O-O 17. O-O f5 18. Rac1 b5 19. a4 Bg5 20. Bxg5 Qxg5 21. axb5 Nc5 22. Qe2 axb5 23. f4 exf4 24. b4 Rce8 25. Qxb5 Ne4 26. Nf3 Qf6 27. Qd3 Nc3 28. Rce1 Re4 29. Nd2 Qd4+ 30. Qxd4 Rxd4 31. Nb3 Rxb4 32. Nc1 Nxd5 33. Nd3 Re4 34. Nf2 Rxe1 35. Rxe1 Rc8 36. Re2 Kf7 37. Rd2 Ne3 38. Nh3 Rxc2 39. Rxc2 Nxc2 40. Nxf4 g5 41. Nxh5 f4 42. h4 Kg6 43. g4 fxg3 44. Nxg3 gxh4 45. Ne2 Kf5 46. Kg2 Kg4 47. Nc3 Ne3+ 48. Kh2 d5 49. Ne2 Nf5 50. Nc3 d4 51. Ne4 Kf4 52. Nc5 Ke3 53. Kh3 d3 54. Na4 d2 55. Nc3 Kd3 0-1

[Event "FIDE WYCC Open U14 2023"]
[Site "Montesilvano"]
[Date "2023.11.14"]
[Round "2.2"]
[White "Bolat, Inayat"]
[Black "Uskov, Artem"]
[Result "1/2-1/2"]
[ECO "B44"]
[WhiteElo "2088"]
[BlackElo "2380"]
[Annotator "ChessBase"]
[PlyCount "285"]
[EventDate "2023.11.13"]
[EventType "swiss"]
[EventCountry "ITA"]
[SourceTitle "playchess.com"]
[Source "ChessBase"]
[SourceQuality "1"]
[TimeControl "40/5400+30:1800+30"]

1. e4 c5 2. Nf3 e6 3. d4 cxd4 4. Nxd4 Nc6 5. Bf4 d6 6. Nxc6 bxc6 7. c4 e5 8. Bg3 Nf6 9. Nc3 Rb8 10. Qd2 Nd7 11. Be2 Nc5 12. O-O Be7 13. Rfd1 O-O 14. b4 Rxb4 15. Nb5 Qa5 16. Nxd6 Bxd6 17. Qxd6 f6 18. f3 Rb2 19. Be1 Qa4 20. Qxc5 Rxe2 21. a3 Be6 22. Rac1 Re8 23. Qb4 Qxb4 24. Bxb4 Kf7 25. Rd6 Rc8 26. Rd2 Rxd2 27. Bxd2 Rd8 28. Bb4 Rd3 29. Kf2 Rb3 30. Rc2 g5 31. c5 h5 32. h3 g4 33. hxg4 hxg4 34. Rd2 Ke7 35. Rd6 gxf3 36. gxf3 Bd7 37. Kg3 Be8 38. Kg4 Bd7+ 39. Kg3 a6 40. Kf2 Be8 41. Ba5 Bd7 42. Bb4 Rb2+ 43. Rd2 Rb1 44. Kg3 Rc1 45. Rh2 Rg1+ 46. Kf2 Rg8 47. Rh7+ Ke6 48. Ba5 Re8 49. Bc7 Re7 50. Rh6 Be8 51. Bd6 Rb7 52. Rh8 Bf7 53. Ra8 Bh5 54. Rh8 Bf7 55. Rc8 Kd7 56. Ra8 Bh5 57. Rxa6 Rb2+ 58. Kg3 Rb3 59. Ra7+ Ke8 60. a4 Bxf3 61. a5 Bxe4+ 62. Kf2 Rf3+ 63. Ke1 Ra3 64. a6 Bd3 65. Re7+ Kd8 66. a7 Bf5 67. Rf7 Bd7 68. Bb8 e4 69. Rxf6 e3 70. Rf8+ Be8 71. Rh8 Kd7 72. Bf4 Ra2 73. Bxe3 Ke7 74. Bd2 Ra1+ 75. Ke2 Ra2 76. Kf3 Ra4 77. Bf4 Ra3+ 78. Be3 Ra4 79. Bg5+ Kd7 80. Bf4 Ke7 81. Bd6+ Kd8 82. Bf4 Ke7 83. Bg5+ Kd7 84. Ke3 Ra3+ 85. Kd4 Ra5 86. Bd2 Ra2 87. Ke5 Ra3 88. Rh7+ Kc8 89. Kd6 Rd3+ 90. Ke7 Kb7 91. Kxe8+ Ka8 92. Rd7 Rf3 93. Rd8+ Kxa7 94. Ba5 Kb7 95. Bb6 Ka6 96. Ra8+ Kb5 97. Ra5+ Kc4 98. Ra1 Rd3 99. Re1 Kb5 100. Re5 Rh3 101. Kd7 Rh6 102. Re6 Rh7+ 103. Re7 Rh5 104. Kc7 Rg5 105. Re1 Rg7+ 106. Kd6 Rg6+ 107. Ke5 Rh6 108. Rb1+ Kc4 109. Rc1+ Kb5 110. Kd4 Rh4+ 111. Kc3 Rh3+ 112. Kb2 Rh5 113. Rc3 Kb4 114. Rb3+ Kc4 115. Rg3 Kb4 116. Rg4+ Kb5 117. Kc3 Rh3+ 118. Kd4 Rh5 119. Ba7 Rd5+ 120. Kc3 Rh5 121. Rb4+ Ka6 122. Bb6 Rh3+ 123. Kb2 Rh2+ 124. Ka3 Rh3+ 125. Ka4 Rc3 126. Rd4 Rc1 127. Rd8 Ra1+ 128. Kb3 Kb5 129. Rb8 Ra8 130. Rb7 Rh8 131. Kc3 Rh3+ 132. Kd4 Rh4+ 133. Ke5 Rh5+ 134. Kd6 Rh6+ 135. Kc7 Rh7+ 136. Kb8 Rh8+ 137. Ka7 Rh5 138. Ka8 Rh8+ 139. Rb8 Rh7 140. Re8 Rg7 141. Re5 Rh7 142. Kb8 Rh8+ 143. Kb7 1/2-1/2

[Event "FIDE WYCC Open U14 2023"]
[Site "Montesilvano"]
[Date "2023.11.14"]
[Round "2.3"]
[White "Agasarov, Benik"]
[Black "Fan, Jingyi"]
[Result "0-1"]
[ECO "B30"]
[WhiteElo "2360"]
[BlackElo "2035"]
[Annotator "ChessBase"]
[PlyCount "60"]
[EventDate "2023.11.13"]
[EventType "swiss"]
[EventCountry "ITA"]
[SourceTitle "playchess.com"]
[Source "ChessBase"]
[SourceQuality "1"]
[TimeControl "40/5400+30:1800+30"]

1. e4 c5 2. Nf3 Nc6 3. Bb5 e6 4. O-O Nge7 5. Ba4 a6 6. c3 b5 7. Bc2 Bb7 8. Re1 Rc8 9. a4 b4 10. d4 bxc3 11. d5 cxb2 12. Bxb2 Nb4 13. a5 Nxc2 14. Qxc2 exd5 15. exd5 Bxd5 16. Nc3 Be6 17. Ne4 Nf5 18. Nf6+ gxf6 19. Qxf5 Bg7 20. Qh5 O-O 21. Re4 Re8 22. Rh4 h6 23. g3 Rb8 24. Bc1 Rb5 25. Bxh6 c4 26. Ng5 Rxg5 27. Bxg5 fxg5 28. Qh7+ Kf8 29. Rxc4 Bxc4 30. Rc1 Bd5 0-1

[Event "FIDE WYCC Open U14 2023"]
[Site "Montesilvano"]
[Date "2023.11.14"]
[Round "2.4"]
[White "Morkunas, Gustas"]
[Black "Arca, Christian Gian Karlo"]
[Result "1/2-1/2"]
[ECO "B13"]
[WhiteElo "2052"]
[BlackElo "2347"]
[Annotator "ChessBase"]
[PlyCount "116"]
[EventDate "2023.11.13"]
[EventType "swiss"]
[EventCountry "ITA"]
[SourceTitle "playchess.com"]
[Source "ChessBase"]
[SourceQuality "1"]
[TimeControl "40/5400+30:1800+30"]

1. e4 c6 2. d4 d5 3. exd5 cxd5 4. Bd3 Nc6 5. c3 Nf6 6. h3 g6 7. Bf4 Bg7 8. Nf3 Bf5 9. Be2 h5 10. O-O Ne4 11. Nbd2 e6 12. Qb3 Qe7 13. Nxe4 dxe4 14. Ne5 Bxe5 15. Bxe5 Nxe5 16. dxe5 O-O-O 17. Qc4+ Kb8 18. Rad1 Rd5 19. Rxd5 exd5 20. Qd4 Re8 21. Rd1 Qxe5 22. Qxd5 Qxd5 23. Rxd5 Be6 24. Re5 Rd8 25. Rxe4 Rd2 26. b4 Rxa2 27. h4 Rc2 28. Re3 b6 29. Ba6 Kc7 30. f3 Ra2 31. Bd3 Kd6 32. Re4 Ra3 33. Rd4+ Kc7 34. c4 a5 35. bxa5 bxa5 36. Be4 Rc3 37. Bd5 a4 38. Bxe6 fxe6 39. c5 a3 40. Ra4 Kc6 41. Ra5 Kd5 42. Kh2 Kc4 43. c6 Kb3 44. Ra6 e5 45. Rb6+ Ka4 46. Ra6+ Kb5 47. Ra8 Kb6 48. Rb8+ Kc7 49. Ra8 Rb3 50. Ra6 Kd6 51. Kg3 Rc3 52. Kh2 Kc7 53. Kg3 Rb3 54. Kh2 Kd6 55. Kg3 Rc3 56. Kh2 Rd3 57. Kg3 Rb3 58. Kh2 Kc7 1/2-1/2